 Seeded DCSS version 0.26.1-2-gb8aa6d0cf2 (webtiles) character file.

Game seed: 8078268941210332152 (custom seed)

18064 oldmanjim the Archer (level 12, -12/94 HPs)
             Began as a Gnoll Hunter on Mar 15, 2021.
             Was an Initiate of Gozag.
             Killed from afar by an efreet (18 damage)
             ... with a bolt of fire
             ... in a volcano.
             The game lasted 01:12:24 (13361 turns).

oldmanjim the Archer (Gnoll Hunter)                Turns: 13361, Time: 01:12:28

Health: -12/94     AC: 13    Str: 17    XL:     12   Next: 54%
Magic:  23/23      EV: 16    Int: 18    God:    Gozag
Gold:   2539       SH:  0    Dex: 22    Spells: 25/25 levels left

rFire    + . .     SeeInvis .   b - +5 short sword "Secoalar" {freeze, rC+ Int+2}
rCold    + . .     Faith    .   (no shield)
rNeg     . . .     Spirit   .   r - +3 scale mail {rF+}
rPois    .         Reflect  .   (no helmet)
rElec    .         Harm     .   y - +0 cloak
rCorr    .         Rampage  .   D - +0 pair of gloves
Will     .....                  (no boots)
Stlth    ++++......             (no amulet)
HPRegen  0.25/turn              T - ring of stealth
MPRegen  0.18/turn              E - +6 ring of dexterity

@: gold aura
A: distributed training, fangs 1, strong nose
a: Renounce Religion, Potion Petition, Call Merchant, Bribe Branch


You were in a volcano.
You worshipped Gozag.
Gozag was most pleased with you.
You visited 3 branches of the dungeon, and saw 14 of its levels.
You also visited: Bailey and Volcano.

You collected 2762 gold pieces.
You spent 174 gold pieces at shops.
You paid 49 gold pieces to Gozag.

Inventory:

Hand Weapons
 a - the +8 longbow "Zephyr" {speed, Dex+3 SInv}
   (You found it on level 4 of the Dungeon)

   Attacks with this weapon are significantly faster.
   It affects your dexterity (+3).
   It lets you see invisible.
 b - the +5 short sword "Secoalar" (weapon) {freeze, rC+ Int+2}
   (You found it on level 1 of the Lair of Beasts)

   It has been specially enchanted to freeze those struck by it, causing extra
   injury to most foes and up to half again as much damage against particularly
   susceptible opponents.
   It can also slow down cold-blooded creatures.
   It affects your intelligence (+2).
   It protects you from cold.
 V - a +1 short sword of speed
Missiles
 d - 109 arrows
 t - 32 poisoned darts (quivered)
 J - 7 atropa-tipped darts
Armour
 r - a +3 scale mail of fire resistance (worn)
 y - a +0 cloak (worn)
 D - a +0 pair of gloves (worn)
 Q - a +3 ring mail of poison resistance
 R - the +10 plate armour "Oserch" {rN+ Regen+ Str-2 Dex+8}
   (You found it in a bailey)

   It affects your strength (-2).
   It affects your dexterity (+8).
   It protects you from negative energy.
   It increases your rate of regeneration.
Jewellery
 o - an uncursed ring of see invisible
 B - an uncursed ring of resist corrosion
 E - a +6 ring of dexterity (right hand)
 F - an uncursed ring of wizardry
 T - a ring of stealth (left hand)
 U - an uncursed ring of poison resistance {unknown}
 X - a +4 ring of evasion {unknown}
Wands
 u - a wand of iceblast (11)
 x - a wand of enslavement (17)
 H - a wand of flame (21)
 L - a wand of polymorph (10)
 M - a wand of paralysis (7)
Scrolls
 e - 4 scrolls of fear {unknown}
 f - 6 scrolls of teleportation
 g - 3 scrolls of identify
 h - a scroll of magic mapping
 i - 3 scrolls of immolation {unknown}
 j - 5 scrolls of enchant armour
 k - 6 scrolls of remove curse
 q - a scroll of enchant weapon {unknown}
 s - 2 scrolls of amnesia {unknown}
 w - a scroll of blinking
 z - 5 scrolls of fog {unknown}
 N - a scroll of vulnerability {unknown}
 P - a scroll of acquirement {unknown}
 S - 2 scrolls of summoning {unknown}
Potions
 c - a potion of magic {unknown}
 l - 7 potions of curing
 m - 3 potions of haste
 n - 2 potions of brilliance
 p - 5 potions of heal wounds
 v - a potion of might {unknown}
 A - 2 potions of flight
 C - a potion of berserk rage
 G - a potion of mutation
 I - a potion of lignification
 K - 3 potions of resistance
 O - a potion of experience {unknown}
Miscellaneous
 W - a condenser vane


   Skills:
 + Level 8.8 Fighting
 + Level 7.4 Short Blades
 + Level 7.4 Long Blades
 + Level 7.4 Axes
 + Level 7.4 Maces & Flails
 + Level 7.4 Polearms
 + Level 7.4 Staves
 + Level 7.4 Slings
 + Level 11.1 Bows
 + Level 7.4 Crossbows
 + Level 7.4 Throwing
 + Level 7.4 Armour
 + Level 8.8 Dodging
 + Level 7.8 Stealth
 + Level 7.4 Shields
 + Level 7.4 Unarmed Combat
 + Level 7.4 Spellcasting
 + Level 6.1 Conjurations
 + Level 6.1 Hexes
 + Level 6.1 Summonings
 + Level 6.1 Necromancy
 + Level 6.1 Translocations
 + Level 6.1 Transmutations
 + Level 6.1 Fire Magic
 + Level 6.1 Ice Magic
 + Level 6.1 Air Magic
 + Level 6.1 Earth Magic
 + Level 6.1 Poison Magic
 + Level 8.1 Invocations
 + Level 7.4 Evocations


You had 25 spell levels left.
You didn't know any spells.
Your spell library contained the following spells:

 Spells                   Type           Power        Failure   Level
 Magic Dart               Conj           100%         2%          1
 Shock                    Conj/Air       100%         2%          1
 Passwall                 Tmut/Erth      23%          3%          2
 Searing Ray              Conj           56%          3%          2
 Swiftness                Air            28%          3%          2
 Dazzling Flash           Conj/Hex       56%          7%          3
 Static Discharge         Conj/Air       28%          7%          3
 Airstrike                Air            14%          24%         4
 Fulminant Prism          Conj/Hex       14%          24%         4
 Iskenderun's Mystic Bla  Conj/Tloc      28%          24%         4
 Passage of Golubria      Tloc           N/A          24%         4
 Lee's Rapid Deconstruct  Erth           14%          54%         5
 Lightning Bolt           Conj/Air       14%          54%         5
 Invisibility             Hex            28%          98%         6


Dungeon Overview and Level Annotations

Branches:
Dungeon (11/15)            Temple (1/1) D:5            Lair (2/6) D:11
  Swamp (0/4) Lair:2          Orc (0/2) D:10         Bailey (visited)
Volcano (1/1)
  Snake: Lair:2-4    Spider: Lair:2-4

Altars:
Ashenzari
Cheibriados
Dithmenos
Elyvilon
Fedhas
Gozag
Hepliaklqana
Kikubaaqudgha
Makhleb
Nemelex Xobeh
Okawaru
Qazlal
Ru
Sif Muna
Trog
Uskayaw
Vehumet
Wu Jian
Xom
Yredelemnul
Zin
The Shining One

Shops:
D:5 ?(   D:9 !

Annotations:
D:7 1 runed translucent door, exclusion: door, Crazy Yiuf


Innate Abilities, Weirdness & Mutations

Your experience applies equally to all skills.
You have very sharp teeth.
Your uncanny sense of smell can sniff out nearby items.


Message History

The efreet is heavily wounded.
The molten gargoyle blasts magma at you!
The bolt of magma hits the fire elemental!
The fire elemental partially resists.
The bolt of magma hits you! You partially resist.
* * * LOW HITPOINT WARNING * * *
The efreet closely misses you. The fire elemental closely misses you.
The toenail golem is no longer distracted by gold.
The fire elemental hits you. The fire elemental burns you! You resist.
* * * LOW HITPOINT WARNING * * *
The toenail golem hits you but does no damage.
The efreet becomes distracted by the nearby gold, dreaming of imaginary riches.
Blink to where?
Press: ? - help, Dir - move target, p - efreet
As you read the scroll of blinking, it crumbles to dust.
The efreet gestures at you.
The bolt of fire hits the fire elemental.
The fire elemental completely resists.
The bolt of fire hits you!! You resist.
You die...
Your body crumbles into a pile of gold.

### ##.##
.###...## .
..#....≈##
....#....○○#
####'..@.○≈#
###≈○##....≈≈#
#≈≈○○≈#....≈≈#
≈≈≈≈≈≈#..9.≈≈#
○.≈≈≈.(°E8..○#
...≈.○#°☼..○○#
#.(.○.#RR§.≈##
##.(○ ##...##
## ##.##


You could see a toenail golem, 2 efreet, a fire elemental and a molten gargoyle.

Vanquished Creatures
  An orc warlord (Bailey)
  2 boulder beetles
  A hydra (Lair:2)
  3 two-headed ogres
  An orc knight (Bailey)
  Joseph (D:8)
  2 cane toads
  Maggie (D:9)
  3 kobold demonologists (D:11)
  2 komodo dragons (Lair:2)
  A troll (D:10)
  2 wyverns
  A wraith (D:10)
  A shadow (D:11)
  A fire elemental (Volcano)
  21 yaks
  A basilisk (Lair:1)
  Menkaure (D:7)
  A black bear (Lair:2)
  A sky beast (D:7)
  15 orc warriors
  2 ice beasts
  A phantom (D:6)
  4 ogres
  3 centaurs
  2 big kobolds
  13 bullfrogs
  2 gnoll sergeants
  3 scorpions
  9 wights
  3 howler monkeys
  A crimson imp (D:4)
  A bullfrog skeleton (D:7)
  2 centaur zombies
  4 hounds
  A jelly (D:7)
  5 orc priests
  Terence (D:3)
  6 worker ants
  7 orc wizards
  A hound zombie (D:10)
  A hound skeleton (D:9)
  6 worker ant zombies
  2 howler monkey skeletons
  15 adders
  14 gnolls
  A shadow imp (D:6)
  A white imp (D:7)
  3 ufetubi (D:8)
  2 oozes (D:2)
  2 adder skeletons
  2 worms
  A dart slug (D:1)
  6 leopard geckos
  53 orcs
  A ball python (D:1)
  10 bats
  7 giant cockroaches
  31 goblins
  20 hobgoblins
  17 jackals
  22 kobolds
  5 quokkas
  5 frilled lizards
  3 hobgoblin zombies (D:4)
  A kobold skeleton (D:4)
  2 kobold zombies (D:4)
  A leopard gecko zombie (D:7)
  An orc skeleton (D:4)
  An orc zombie (D:4)
  10 rats
380 creatures vanquished.

Vanquished Creatures (others)
  2 fungi (D:7)
2 creatures vanquished.

Grand Total: 382 creatures vanquished

Notes
Turn   | Place    | Note
-------+----------+-------------------------------------------
     0 | D:1      | oldmanjim the Gnoll Hunter began the quest for the Orb.
     0 | D:1      | Reached XP level 1. HP: 20/20 MP: 1/1
    99 | D:1      | Reached XP level 2. HP: 26/26 MP: 2/2
   520 | D:1      | Reached XP level 3. HP: 31/31 MP: 3/3
   875 | D:2      | Found a radiant altar of Vehumet.
  1074 | D:2      | Reached skill level 1 in Invocations
  1096 | D:2      | Reached skill level 1 in Short Blades
  1096 | D:2      | Reached skill level 1 in Long Blades
  1096 | D:2      | Reached skill level 1 in Axes
  1096 | D:2      | Reached skill level 1 in Maces & Flails
  1096 | D:2      | Reached skill level 1 in Polearms
  1096 | D:2      | Reached skill level 1 in Staves
  1096 | D:2      | Reached skill level 1 in Slings
  1096 | D:2      | Reached skill level 1 in Crossbows
  1096 | D:2      | Reached skill level 1 in Throwing
  1096 | D:2      | Reached skill level 1 in Armour
  1096 | D:2      | Reached skill level 1 in Shields
  1096 | D:2      | Reached skill level 1 in Unarmed Combat
  1096 | D:2      | Reached skill level 1 in Spellcasting
  1096 | D:2      | Reached skill level 1 in Evocations
  1171 | D:2      | Found a snail-covered altar of Cheibriados.
  1197 | D:2      | Reached XP level 4. HP: 26/38 MP: 5/5
  1345 | D:2      | Reached skill level 1 in Conjurations
  1345 | D:2      | Reached skill level 1 in Hexes
  1345 | D:2      | Reached skill level 1 in Summonings
  1345 | D:2      | Reached skill level 1 in Necromancy
  1345 | D:2      | Reached skill level 1 in Translocations
  1345 | D:2      | Reached skill level 1 in Transmutations
  1345 | D:2      | Reached skill level 1 in Fire Magic
  1345 | D:2      | Reached skill level 1 in Ice Magic
  1345 | D:2      | Reached skill level 1 in Air Magic
  1345 | D:2      | Reached skill level 1 in Earth Magic
  1345 | D:2      | Reached skill level 1 in Poison Magic
  1639 | D:3      | Noticed Terence
  1787 | D:3      | Reached XP level 5. HP: 40/43 MP: 6/6
  1953 | D:3      | Killed Terence
  2963 | D:4      | Found a glowing golden altar of the Shining One.
  3075 | D:4      | Reached XP level 6. HP: 50/50 MP: 8/8
  3626 | D:4      | Found a shimmering blue altar of Sif Muna.
  3688 | D:4      | Found the +8 longbow "Zephyr" {speed, Dex+3 SInv}
  3732 | D:4      | Reached skill level 5 in Fighting
  3732 | D:4      | Reached skill level 5 in Dodging
  3875 | D:4      | Found a broken altar of Ashenzari.
  4007 | D:5      | Entered Level 5 of the Dungeon
  4075 | D:5      | Found Buolahown's Antique Weapon Boutique.
  4108 | D:5      | Found a staircase to the Ecumenical Temple.
  4117 | Temple   | Entered the Ecumenical Temple
  4184 | Temple   | Became a worshipper of Gozag Ym Sagoz the Greedy
  4316 | D:5      | Found a bloodstained altar of Trog.
  4648 | D:5      | Found Loqolysm's Magic Scroll Emporium.
  4656 | D:5      | Bought a scroll of blinking for 90 gold pieces
  4686 | D:5      | Reached XP level 7. HP: 56/56 MP: 10/10
  5263 | D:6      | Reached skill level 9 in Bows
  5302 | D:6      | Reached XP level 8. HP: 63/63 MP: 12/12
  6185 | D:7      | Found a stormy altar of Qazlal.
  6193 | D:7      | Noticed Menkaure
  6196 | D:7      | Killed Menkaure
  6416 | D:7      | Reached XP level 9. HP: 56/69 MP: 14/14
  7138 | D:7      | Found a runed translucent door.
  7139 | D:7      | Noticed Crazy Yiuf
  8018 | D:8      | Found a shimmering altar of Xom.
  8018 | D:8      | Found an iron altar of Okawaru.
  8092 | D:8      | Reached skill level 5 in Stealth
  8162 | D:8      | Noticed Joseph
  8169 | D:8      | Killed Joseph
  8170 | D:8      | Reached skill level 5 in Invocations
  8448 | D:9      | Noticed a two-headed ogre
  8720 | D:9      | Reached XP level 10. HP: 77/77 MP: 17/17
  8791 | D:9      | Reached skill level 5 in Short Blades
  8791 | D:9      | Reached skill level 5 in Long Blades
  8791 | D:9      | Reached skill level 5 in Axes
  8791 | D:9      | Reached skill level 5 in Maces & Flails
  8791 | D:9      | Reached skill level 5 in Polearms
  8791 | D:9      | Reached skill level 5 in Staves
  8791 | D:9      | Reached skill level 5 in Slings
  8791 | D:9      | Reached skill level 5 in Crossbows
  8791 | D:9      | Reached skill level 5 in Throwing
  8791 | D:9      | Reached skill level 5 in Armour
  8791 | D:9      | Reached skill level 5 in Shields
  8791 | D:9      | Reached skill level 5 in Unarmed Combat
  8791 | D:9      | Reached skill level 5 in Spellcasting
  8791 | D:9      | Reached skill level 5 in Evocations
  8800 | D:9      | Killed a two-headed ogre
  8801 | D:9      | Reached skill level 10 in Bows
  8920 | D:9      | Noticed a boulder beetle
  8942 | D:9      | Killed a boulder beetle
  9000 | D:9      | Noticed Maggie
  9110 | D:9      | Paralysed by Maggie for 2 turns
  9122 | D:9      | Killed Maggie
  9326 | D:9      | Found Peupsalo's Distillery.
  9333 | D:9      | Bought a potion of degeneration for 14 gold pieces
  9333 | D:9      | Bought a potion of heal wounds for 70 gold pieces
  9493 | D:10     | Entered Level 10 of the Dungeon
  9612 | D:10     | Found a flagged portal.
  9660 | D:10     | Noticed a two-headed ogre
  9665 | D:10     | Killed a two-headed ogre
  9666 | D:10     | Reached XP level 11. HP: 65/84 MP: 19/19
  9696 | Bailey   | Entered a bailey
 10023 | Bailey   | Reached skill level 5 in Conjurations
 10023 | Bailey   | Reached skill level 5 in Hexes
 10023 | Bailey   | Reached skill level 5 in Summonings
 10023 | Bailey   | Reached skill level 5 in Necromancy
 10023 | Bailey   | Reached skill level 5 in Translocations
 10023 | Bailey   | Reached skill level 5 in Transmutations
 10023 | Bailey   | Reached skill level 5 in Fire Magic
 10023 | Bailey   | Reached skill level 5 in Ice Magic
 10023 | Bailey   | Reached skill level 5 in Air Magic
 10023 | Bailey   | Reached skill level 5 in Earth Magic
 10023 | Bailey   | Reached skill level 5 in Poison Magic
 10117 | Bailey   | Noticed an orc warlord
 10117 | Bailey   | Noticed an orc knight
 10144 | Bailey   | Killed an orc warlord
 10162 | Bailey   | Killed an orc knight
 10453 | Bailey   | Got a citrine-encrusted plate armour
 10464 | Bailey   | Identified the +10 plate armour "Oserch" {rN+ Regen+ Str-2
                  | Dex+8} (You found it in a bailey)
 10660 | D:10     | Noticed a two-headed ogre
 10675 | D:10     | Killed a two-headed ogre
 10992 | D:10     | Found a staircase to the Orcish Mines.
 11424 | D:11     | Found a staircase to the Lair.
 11927 | D:11     | Noticed a boulder beetle
 11931 | D:11     | Reached XP level 12. HP: 93/93 MP: 22/22
 11947 | D:11     | Killed a boulder beetle
 12168 | Lair:1   | Entered Level 1 of the Lair of Beasts
 12287 | Lair:1   | Got a transparent short sword
 12288 | Lair:1   | Identified the +5 short sword "Secoalar" {freeze, rC+
                  | Int+2} (You found it on level 1 of the Lair of Beasts)
 12325 | Lair:1   | Reached skill level 11 in Bows
 13250 | Lair:2   | Noticed a seven-headed hydra
 13257 | Lair:2   | Killed a seven-headed hydra
 13266 | Lair:2   | Found a staircase to the Swamp.
 13330 | Lair:2   | Found a dark tunnel.
 13338 | Volcano  | Entered a volcano
 13361 | Volcano  | Killed from afar by an efreet

Illustrated notes

Levels and vault maps discovered:
D:1:      dpeg_arrival_rooms_c, layout_basic
D:2:      layout_rooms, old_standard_altar, vehumet_crystals
D:3:      layout_loops_ring, uniq_terence
D:4:      layout_loops_cross, kennysheep_little_box, lemuel_crystal_altar,
          nicolae_tso_besieged_by_evil
D:5:      layout_basic, overflow_temple_1_default, minmay_temple_entry_mist,
          serial_shops, nicolae_shop_statue_plus, shop
D:6:      layout_gridville, nicolae_lava_and_water
D:7:      kennysheep_six_static_rooms, layout_basic, overflow_temple_1_default,
          uniq_menkaure, uniq_crazy_yiuf_cottage
D:8:      layout_basic, gammafunk_temple_overflow_elements,
          minmay_misc_feat_tower, uniq_joseph
D:9:      layout_roguey, serial_shops, shop, uniq_maggie
D:10:     layout_roguey, hiddenorc1_lemuel, enter_bailey_8
D:11:     layout_irregular_city, lair_entry_dummy, st_stairs_2
Temple:   cyrus_circular_temple
Lair:1:   layout_roguey, small_statue_intersection
Lair:2:   beast_lair_carwin_large_4, layout_cave_shapes, swamp_mist,
          lightli_volcano_entry_magma_tube, grunt_megastairs_1,
          infiniplex_staircase_pool_2
Volcano:  volcano_aerie

Skill      XL: |  1  2  3  4  5  6  7  8  9 10 11 12 |
---------------+-------------------------------------+-----
Invocations    | 1 2 3 4 5 6 7 8 |  8.1
Short Blades   | 1 2 3 4 5 6 7 |  7.4
Long Blades    | 1 2 3 4 5 6 7 |  7.4
Axes           | 1 2 3 4 5 6 7 |  7.4
Maces & Flails | 1 2 3 4 5 6 7 |  7.4
Polearms       | 1 2 3 4 5 6 7 |  7.4
Staves         | 1 2 3 4 5 6 7 |  7.4
Slings         | 1 2 3 4 5 6 7 |  7.4
Crossbows      | 1 2 3 4 5 6 7 |  7.4
Throwing       | 1 2 3 4 5 6 7 |  7.4
Armour         | 1 2 3 4 5 6 7 |  7.4
Shields        | 1 2 3 4 5 6 7 |  7.4
Unarmed Combat | 1 2 3 4 5 6 7 |  7.4
Spellcasting   | 1 2 3 4 5 6 7 |  7.4
Evocations     | 1 2 3 4 5 6 7 |  7.4
Conjurations   | 1 2 3 4 5 6 |  6.1
Hexes          | 1 2 3 4 5 6 |  6.1
Summonings     | 1 2 3 4 5 6 |  6.1
Necromancy     | 1 2 3 4 5 6 |  6.1
Translocations | 1 2 3 4 5 6 |  6.1
Transmutations | 1 2 3 4 5 6 |  6.1
Fire Magic     | 1 2 3 4 5 6 |  6.1
Ice Magic      | 1 2 3 4 5 6 |  6.1
Air Magic      | 1 2 3 4 5 6 |  6.1
Earth Magic    | 1 2 3 4 5 6 |  6.1
Poison Magic   | 1 2 3 4 5 6 |  6.1
Stealth        | 3 4 5 6 7 |  7.8
Fighting       | 5 6 7 8 |  8.8
Dodging        | 5 6 7 8 |  8.8
Bows           | 9 10 11 | 11.1

Action                   |  1- 3 |  4- 6 |  7- 9 | 10-12 || total
-------------------------+-------+-------+-------+-------++-------
Melee: Short sword       |   107 |   282 |    22 |    99 ||   510
       Bite              |    11 |    33 |     3 |    15 ||    62
       Punch             |     1 |     5 |       |     6 ||    12
 Fire: Shortbow          |    10 |    54 |       |       ||    64
       Longbow           |       |    15 |   211 |   463 ||   689
Throw: Dart              |       |       |       |     5 ||     5
Evoke: Wand              |       |       |       |    10 ||    10
  Use: Scroll            |       |     9 |       |     8 ||    17
       Potion            |       |       |       |     2 ||     2
 Stab: Sleeping          |     6 |     2 |     1 |     1 ||    10
Armor: Leather armour    |    16 |    21 |       |       ||    37
       Scale mail        |       |    78 |    17 |    42 ||   137
Dodge: Dodged            |    59 |   182 |    45 |   102 ||   388
